 Dungeon Crawl Stone Soup version 0.21-a0-179-gd2bfb5f (webtiles) character file.

53 Gorglomux the Skirmisher (level 3, -2/33 HPs)
             Began as a Hill Orc Fire Elementalist on Aug 10, 2017.
             Slain by an adder (3 damage)
             ... on level 2 of the Dungeon.
             The game lasted 00:02:40 (1244 turns).

Gorglomux the Skirmisher (HOFE)                     Turns: 1244, Time: 00:02:41

Health: -2/33      AC:  2    Str: 11    XL:     3   Next: 87%
Magic:  0/5        EV: 12    Int: 15    God:
Gold:   66         SH:  0    Dex: 11    Spells: 2/5 levels left

rFire    + . .     SeeInvis .   k - +0 dagger
rCold    . . .     Gourm    .   (no shield)
rNeg     . . .     Faith    .   a - +0 robe
rPois    .         Spirit   .   (no helmet)
rElec    .         Reflect  .   (no cloak)
rCorr    .         Harm     .   (no gloves)
MR       .....                  (no boots)
Stlth    ++........             (no amulet)
HPRegen  0.11/turn              f - ring of protection from fire
MPRegen  0.09/turn              (no ring)

@: lethally poisoned (-2 -> -15), very slightly contaminated
A: no striking features
a: no special abilities


You were on level 2 of the Dungeon.
You were not hungry.

You visited 1 branch of the dungeon, and saw 2 of its levels.

You collected 66 gold pieces.

Inventory:

Hand Weapons
 k - a +0 dagger (weapon)
Armour
 a - a +0 robe (worn)
 E - a +2 plate armour of fire resistance
Jewellery
 f - a ring of protection from fire (left hand)
Scrolls
 l - a scroll of remove curse {unknown}
 A - a scroll of identify {unknown}
 B - 2 scrolls of magic mapping {unknown}
 D - a scroll of amnesia {unknown}
 F - a scroll of noise {unknown}
 G - a scroll of teleportation {unknown}
 I - a scroll of enchant armour {unknown}
 J - a scroll of fog {unknown}
Books
 b - a book of Flames

   Spells                             Type                      Level
   a - Flame Tongue                   Conjuration/Fire             1
   b - Throw Flame                    Conjuration/Fire             2
   c - Conjure Flame                  Conjuration/Fire             3
   d - Inner Flame                    Hexes/Fire                   3
   e - Sticky Flame                   Conjuration/Fire             4
   f - Fireball                       Conjuration/Fire             5
Comestibles
 c - 2 bread rations
 j - 2 fruits
 z - a meat ration
 H - 6 chunks of flesh


   Skills:
 + Level 4.0 Fighting
 - Level 1.5 Dodging
 - Level 1.5 Stealth
 - Level 1.5 Spellcasting
 - Level 1.0 Conjurations
 - Level 3.2 Fire Magic


You had 2 spell levels left.
You knew the following spells:

 Your Spells              Type           Power        Failure   Level  Hunger
a - Flame Tongue          Conj/Fire      #....        10%         1    ##.....
b - Throw Flame           Conj/Fire      #.....       14%         2    ###....


Dungeon Overview and Level Annotations

Branches:
Dungeon (2/15)

Altars:


Message History

It was a butt of immolation!
You feel sick! The adder bites you!
You are more poisoned!
The adder poisons you!!!
You miss the adder!
The butt is moderately wounded! * * * don't die
* * * You feel sick!
The adder bites you! * * * don't die
* * * The adder bites you! * * * don't die
* * * Unknown command!
You butt-ly miss the adder!
The adder is moderately wounded! * * * don't die
* * * You feel sick!
The adder closely misses you!
You skewer the adder like a kebab!
The adder is heavily wounded! * * * don't die
* * * You feel sick!
The adder bites you! rip

#.##########..######.##.
#.....(÷)...............
#############...........
#....#####.### ##.##.#####.#
##.........#.###
#...............
#########.............##
#(...†S@............#.#
#####.########............#
##.....b................#.##
#.......#######.........#.#
#..S..#....# #...........#
#.......#...###.........###
#.........#.......#.....[#
........##...#####........#
###..##..###.# ##...###.####


You could see an adder (inner flame).

Vanquished Creatures
  3 adders (D:2)
  A dart slug (D:1)
  5 bats
  3 giant cockroaches
  2 goblins
  3 hobgoblins
  2 ball pythons (D:2)
  2 frilled lizards
  2 kobolds (D:2)
  2 rats (D:1)
25 creatures vanquished.

Notes
Turn   | Place    | Note
-------+----------+-------------------------------------------
     0 | D:1      | Gorglomux the Hill Orc Fire Elementalist began the quest for the Orb.
     0 | D:1      | Reached XP level 1. HP: 14/14 MP: 3/3
    93 | D:1      | Reached skill level 1 in Fighting
   261 | D:1      | Reached XP level 2. HP: 24/24 MP: 4/4
   281 | D:1      | Reached skill level 2 in Fighting
   763 | D:2      | Learned a level 2 spell: Throw Flame
   854 | D:2      | Reached skill level 3 in Fighting
   854 | D:2      | Reached XP level 3. HP: 31/31 MP: 0/5
  1236 | D:2      | Reached skill level 4 in Fighting
  1244 | D:2      | HP: 1/33 [poisoned by an adder]
  1244 | D:2      | Slain by an adder

Vault maps used:
D:1:      nicolae_arrival_memento_mori, minmay_misc_feat_tiny
D:2:      nicolae_overflow_crystal_walls, gammafunk_temple_overflow_wave,
          first_bread

Skill      XL: |  1  2  3 |
---------------+----------+-----
Fighting       | 1 3 4 |  4.0
Dodging        | |  1.5
Stealth        | |  1.5
Spellcasting   | |  1.5
Conjurations   | |  1.0
Fire Magic     | |  3.2

Action                   || total
-------------------------++-------
Melee: Dagger            ||    77
Throw: Javelin           ||     2
 Cast: Flame Tongue      ||    21
       Throw Flame       ||     2
  Use: Scroll            ||     1
       Potion            ||     1
 Stab: Sleeping          ||     2
  Eat: Chunk             ||     2
Armor: Robe              ||    15
Dodge: Dodged            ||    90
